 Dungeon Crawl Stone Soup version 0.18-a0-1481-g708b138 (webtiles) character file.

433 xeno23 the Stinger (level 7, -8/61 HPs)
             Began as a Naga Venom Mage on Mar 2, 2016.
             Mangled by an ogre
             ... wielding a +0 giant club
              (21 damage)
             ... on level 4 of the Dungeon.
             The game lasted 00:26:12 (3292 turns).

xeno23 the Stinger (Naga Venom Mage)                Turns: 3292, Time: 00:26:12

Health: -8/61      AC:  4    Str: 11    XL:     7   Next: 0%
Magic:  1/11       EV: 10    Int: 15    God:
Gold:   142        SH:  0    Dex: 13    Spells: 3 memorised, 4 levels left

rFire  . . .     SeeInvis +     p - +0 dagger (venom)
rCold  . . .     Gourm    .     m - +0 leather armour
rNeg   . . .     Faith    .     (no shield)
rPois  +         Spirit   .     o - +0 helmet
rElec  .         Dismiss  .     (no cloak)
rCorr  .         Reflect  .     (no gloves)
SustAt .         Harm     .     (no barding)
MR     .....                    (no amulet)
Stlth  +++.......               (no ring)
                                (no ring)

@: lethally poisoned (-8 -> -10), short of breath, very slow, not resistant to
hostile enchantments, fairly stealthy
A: see invisible, deformed body, poison resistance, slowness 2, slow metabolism
1, spit poison 2, AC +2
a: Spit Poison


You were on level 4 of the Dungeon.
You were not hungry.

You visited 1 branch of the dungeon, and saw 4 of its levels.

You collected 142 gold pieces.

Inventory:

Hand Weapons
 f - a +0 blowgun
 p - a +0 dagger of venom (weapon)
Missiles
 g - 12 poisoned needles
Armour
 m - a +0 leather armour (worn)
 o - a +0 helmet (worn)
Wands
 n - a wand of slowing (19/48)
Scrolls
 a - a scroll of fear
 i - a scroll of teleportation
Potions
 d - a potion of resistance
 e - 2 potions of mutation {unknown}
 h - 2 potions of flight
Books
 b - a Young Poisoner's Handbook

   Spells                             Type                      Level
   a - Sting                          Conjuration/Poison           1
   b - Cure Poison                    Poison                       2
   c - Mephitic Cloud                 Conjuration/Poison/Air       3
   d - Olgreb's Toxic Radiance        Poison                       4
   e - Venom Bolt                     Conjuration/Poison           5
Comestibles
 c - a bread ration
 j - 3 meat rations
 k - 2 chunks of flesh


   Skills:
 + Level 2.3 Fighting
 + Level 2.5 Dodging
 + Level 4.4 Stealth
 + Level 3.1 Spellcasting
 + Level 2.3 Conjurations
 * Level 7.5 Poison Magic


You had 4 spell levels left.
You knew the following spells:

 Your Spells              Type           Power        Failure   Level  Hunger
a - Sting                 Conj/Pois      ###.         3%          1    #......
d - Mephitic Cloud        Conj/Pois/Air  ##......     21%         3    ###....
s - Olgreb's Toxic Radia  Pois           ###.....     14%         4    #####..


Dungeon Overview and Level Annotations

Branches:
Dungeon (4/15)
 Temple: D:4-7

Altars:
Nemelex Xobeh
Okawaru
Pakellas

Annotations:
D:3 Uberwunderbarhen's ghost, amateur OpTm


Innate Abilities, Weirdness & Mutations

You cannot wear boots.
Your serpentine skin is tough (AC +2).
You have supernaturally acute eyesight.
Armour fits poorly on your strangely shaped body.
Your system is resistant to poisons.
You cover ground very slowly.
You have a slow metabolism.
You can spit poison.


Message History

You take 23 damage.
You hit the ogre but do no damage.
The ogre is severely wounded.
You feel sick.
You take 1 damage.
Press: ? - help, Shift-Dir - straight line, f/p - ogre
Aim: an ogre, wielding a giant club (severely wounded, poisoned)
The splash of poison hits the ogre.
The ogre is severely wounded.
You feel slightly more hungry. The ogre hits you with a giant club!!
* * * LOW HITPOINT WARNING * * *
You take 18 damage.
Casting: Sting
Confirm with . or Enter, or press ? or * to list all spells.
Aiming: Mephitic Cloud
Press: ? - help, Shift-Dir - straight line, p - ogre The ball explodes into a vile cloud!
The stinking cloud engulfs the ogre.
The ogre is severely wounded.
You feel sick. The ogre hits you with a giant club!!
You die...

... ....... ... #..>..
.... #.... .....
#...##...#
.....##...##...#
....§§§...##...#
....§§.....#...#
....§§O@...#...#
.....##.(..#...# #####
#...##...# ...##...##...#
#..................# #
####..............÷...#
........................#
.#.#...#.....###........#
#..)#.#.......##........#


You could see an ogre.

Vanquished Creatures
  Sigmund (D:3)
  A hound (D:4)
  2 worker ants (D:4)
  Robin (D:3)
  10 adders
  An ooze (D:1)
  A worm (D:4)
  2 dart slugs
  A giant gecko (D:2)
  6 orcs (D:3)
  2 ball pythons (D:2)
  14 bats
  2 giant cockroaches
  13 goblins
  10 hobgoblins
  7 jackals
  A giant gecko skeleton (D:4)
  4 giant newts
  8 kobolds
  13 rats
100 creatures vanquished.

Notes
Turn   | Place    | Note
--------------------------------------------------------------
     0 | D:1      | xeno23 the Naga Venom Mage began the quest for the Orb.
     0 | D:1      | Reached XP level 1. HP: 15/15 MP: 3/3
   382 | D:1      | Reached XP level 2. HP: 20/22 MP: 0/5
   564 | D:1      | Reached skill level 6 in Poison Magic
   622 | D:1      | Reached XP level 3. HP: 20/30 MP: 3/6
   707 | D:1      | Reached skill level 1 in Fighting
  1140 | D:2      | Reached XP level 4. HP: 35/38 MP: 1/7
  1379 | D:2      | Learned a level 3 spell: Mephitic Cloud
  1384 | D:2      | Learned a level 4 spell: Olgreb's Toxic Radiance
  1912 | D:2      | Reached XP level 5. HP: 44/44 MP: 4/9
  2061 | D:3      | Reached skill level 1 in Conjurations
  2215 | D:3      | Noticed Robin
  2222 | D:3      | Killed Robin
  2296 | D:3      | Found an oddly glowing altar of Pakellas.
  2299 | D:3      | Found an iron altar of Okawaru.
  2313 | D:3      | Found a sparkling altar of Nemelex Xobeh.
  2496 | D:3      | Noticed Sigmund
  2513 | D:3      | Killed Sigmund
  2513 | D:3      | Reached skill level 7 in Poison Magic
  2513 | D:3      | Reached XP level 6. HP: 33/52 MP: 0/10
  2758 | D:3      | Noticed Uberwunderbarhen's ghost (amateur OpTm)
  3269 | D:4      | Reached XP level 7. HP: 55/61 MP: 7/11
  3292 | D:4      | Mangled by an ogre

Vault maps used:
D:1:      lemuel_arrival_river_ford, st_stairs_13
D:3:      minitemple, uniq_sigmund, uniq_robin
D:4:      minmay_temple_entry_water_ring, minmay_splitting_lines

Skill      XL: |  1  2  3  4  5 |
---------------+----------------+-----
Poison Magic   | 6 7 |  7.5
Fighting       | 1 2 |  2.3
Dodging        | 2 |  2.5
Conjurations   | 2 |  2.3
Stealth        | 4 |  4.4
Spellcasting   | 3 |  3.1

Action                   |  1- 3 |  4- 6 |  7- 9 || total
-------------------------+-------+-------+-------++-------
Melee: Unarmed           |    74 |    73 |       ||   147
       Dagger            |       |    46 |     2 ||    48
 Cast: Sting             |    58 |    93 |     3 ||   154
       Olgreb's Toxic Ra |       |     6 |     1 ||     7
       Mephitic Cloud    |       |       |     1 ||     1
 Abil: Spit Poison       |    10 |    11 |     1 ||    22
Evoke: Wand              |       |     2 |       ||     2
  Use: Scroll            |     2 |     5 |       ||     7
 Stab: Sleeping          |     3 |     2 |       ||     5
  Eat: Chunk             |     1 |     9 |     1 ||    11
